 Dungeon Crawl Stone Soup version 0.29-a0-356-g7bc237e783 (webtiles) character file.

Game seed: 1651856402368197114

4 spaghetti the Poker (level 1, 21/21 HPs)
             Began as a Naga Berserker on Apr 26, 2022.
             Was a Follower of Trog.
             Quit the game on level 1 of the Dungeon.
             The game lasted 00:00:09 (74 turns).

spaghetti the Poker (Naga Berserker)                  Turns: 74, Time: 00:00:10

Health: 21/21      AC:  1    Str: 19    XL:     1   Next: 70%
Magic:  1/1        EV:  9    Int:  7    God:    Trog [*.....]
Gold:   5          SH:  0    Dex: 10    Spells: 0/0 levels left

rFire   . . .      SeeInvis +   a - +0 spear {polearm}
rCold   . . .      Faith    .   (no shield)
rNeg    . . .      Spirit   .   b - +0 animal skin
rPois   +          Reflect  .   (no helmet)
rElec   .          Harm     .   (no cloak)
rCorr   .          Rampage  .   (no gloves)
Will    .....                   (no barding)
Stlth   +.........              (no amulet)
HPRegen 0.07/turn               (no ring)
MPRegen 0.07/turn               (no ring)

@: very slow
A: AC +0, large, see invisible, deformed body, poison resistance, slowness 2,
spit poison 1, naga tail 1
a: Spit Poison, Renounce Religion, Berserk


You were on level 1 of the Dungeon.
You worshipped Trog.
Trog was aware of your devotion.
You visited 1 branch of the dungeon, and saw 1 of its levels.

You collected 5 gold pieces.


Innate Abilities, Weirdness & Mutations

Your serpentine skin is tough. (AC +0)
You have supernaturally acute eyesight. (SInv)
Armour fits poorly on your strangely shaped body.
Your system is resistant to poisons. (rPois)
You cover ground very slowly.
You can spit poison.
You have a snake-like lower body.


   Skills:
 - Level 3.0 Fighting
 + Level 3.3 Polearms
 - Level 1.5 Armour
 - Level 1.5 Dodging


You couldn't memorise any spells.
You didn't know any spells.
Your spell library was empty.

Inventory:

Hand Weapons
 a - a +0 spear (weapon) {polearm}
Armour
 b - a +0 animal skin (worn)
Scrolls
 c - a scroll of identify {unknown}
Potions
 d - a potion of ambrosia {unknown}

Dungeon Overview and Level Annotations

Branches:
Dungeon (1/15)

Altars:

#. #.## .. .... ##. .##
.... #.. ..## ... #.#
... #.# #.######
#.##.## ##......##
#.....###...@....# #
#....##..........#
#.###....)#..........#
.#....................#
...........#..........#
#..###....###'######..#
.. #....#♣♣.♣♣PP♣#.##
..........+.....♣♣≈# .
##..#...###P♣≈.....#


There were no monsters in sight!


Message History

🤖 Initializing magus.rc ...
Options error: Delay interrupt name "hungry" not recognised. (~/.crawlrc:4761) Options error: Bad monster_list_colour key: strict_neutral (~/.crawlrc:4776) ✅ Successfully initialized magus.rc [v1.9.6] Welcome, spaghetti the Naga Berserker.
The terrific Orb of Zot lies far below, as if waiting for you to find it.
Trog says: Kill them all!
Press ? for a list of commands and other information.
Found a staircase leading out of the dungeon.
As you open the door, it creaks loudly!
You hear a shout!
A goblin comes into view. It is wielding a +0 dagger.
The goblin shouts!
There is an open door here.
A goblin is nearby!
A goblin is nearby!
A hobgoblin comes into view.
A rat comes into view.
The hobgoblin shouts!
An endoplasm comes into view.
The goblin hits you with a +0 dagger. 😕 HP[-4]
You take 4 damage, and now have 17/21 hp.
You are too injured to fight recklessly!
You are too injured to fight recklessly!
You are too injured to fight recklessly!
You are too injured to fight recklessly!
You are too injured to fight recklessly!
You are too injured to fight recklessly!
You are too injured to fight recklessly!
You are too injured to fight recklessly!
You are too injured to fight recklessly!
You are too injured to fight recklessly!
You are too injured to fight recklessly!
You are too injured to fight recklessly!
You are too injured to fight recklessly!
You are too injured to fight recklessly!
You are too injured to fight recklessly!
You are too injured to fight recklessly!
Unknown command.
Aiming: Spit Poison (3% risk of failure)
Press: ? - help, Shift-Dir - straight line, f - goblin
Aim: a goblin, wielding a +0 dagger (43% to hit)
The splash of poison hits the goblin!
You kill the goblin!
Trog accepts your kill. 😕 HP[+1]
You hit the hobgoblin.
You kill the hobgoblin!
Trog accepts your kill.
You have got your breath back.
The rat barely misses you.
You hit the rat.
You kill the rat!
Trog accepts your kill.
You puncture the endoplasm!
You kill the endoplasm!
Trog accepts your kill.
Things that are here:
a +0 dagger {short}; a rat corpse; 😎 HP[+3]
Your hp is fully restored (21).
You now have 5 gold pieces.
c - a scroll labelled ZOG ACROGETS
d - a fuming pink potion Are you sure you want to abandon this character and quit the game? (Confirm with "yes".)

Action                   || total
-------------------------++-------
Melee: Spear             ||     3
 Abil: Spit Poison       ||     1
Dodge: Dodged            ||     1

Levels and vault maps discovered:
D:1:      tarquinn_simple_flora_water_f, layout_rooms

Notes
Turn   | Place    | Note
-------+----------+-------------------------------------------
     0 | D:1      | spaghetti the Naga Berserker began the quest for the Orb.
     0 | D:1      | Reached XP level 1. HP: 21/21 MP: 1/1
     0 | D:1      | magus.rc [v1.9.6]
    74 | D:1      | Quit the game

Vanquished Creatures
  An endoplasm (D:1)
  A goblin (D:1)
  A hobgoblin (D:1)
  A rat (D:1)
4 creatures vanquished.

Table legend:
 A = Non-vault XP
 B = Vault XP
 C = Vault XP percentage of total XP
 D = Non-vault monster count
 E = Vault monster count
 F = Vault count percentage of total count
                 A         B        C        D         E       F
            +---------+---------+-------+---------+---------+-------
      Total |       7 |       0 |   0.0 |       4 |       0 |   0.0
            +---------+---------+-------+---------+---------+-------
        D:1 |       7 |       0 |   0.0 |       4 |       0 |   0.0
            +---------+---------+-------+---------+---------+-------

Illustrated notes

Table legend:
 A = Kills in this place as a percentage of kills in entire the game.
 B = Kills by you in this place as a percentage of kills by you in the entire game.
 C = Kills by friends in this place as a percentage of kills by friends in the entire game.
 D = Other kills in this place as a percentage of other kills in the entire game.
 E = Experience gained in this place as a percentage of experience gained in the entire game.
 F = Experience gained in this place divided by the number of levels of this place that you have seen.
                   A       B       C       D       E      F
               +-------+-------+-------+-------+-------+----------------------
         Total | 100.0 | 100.0 |   N/A |   N/A | 100.0 |   7.0
       Dungeon | 100.0 | 100.0 |   N/A |   N/A | 100.0 |   7.0
               +-------+-------+-------+-------+-------+----------------------

Table legend: (Time is in decaauts)
 A = Elapsed time spent in this place.
 B = Non-inter-level travel time spent in this place.
 C = Inter-level travel time spent in this place.
 D = Time resting spent in this place.
 E = Time spent auto-exploring this place.
 F = Levels seen in this place.
 G = Mean time per level.
                   A        B        C        D        E       F      G
               +--------+--------+--------+--------+--------+-----+--------+
         Total |     84 |     84 |      0 |      0 |     70 |   1 |   84.0 |
       Dungeon |     84 |     84 |      0 |      0 |     70 |   1 |   84.0 |
               +--------+--------+--------+--------+--------+-----+--------+

Top non-repeatable levels by time:
     D:1: 84 daAuts
